 Dungeon Crawl Stone Soup version 0.29.1-1-gd02db6906a (webtiles) character file.

Game seed: 11174984433089481394

26681 Zeld the Severer (level 13, -11/119 HPs)
             Began as a Minotaur Berserker on Sept 19, 2022.
             Was a Priest of Trog.
             Killed from afar by a deep elf pyromancer (29 damage)
             ... with a bolt of fire
             ... on level 13 of the Dungeon on Sept 20, 2022.
             The game lasted 00:35:06 (21899 turns).

Zeld the Severer (Minotaur Berserker)              Turns: 21899, Time: 00:35:07

Health: -11/119    AC: 22    Str: 25    XL:     13   Next: 0%
Magic:  12/12      EV: 11    Int:  4    God:    Trog [***...]
Gold:   494        SH:  0    Dex: 12    Spells: 12/12 levels left

rFire   . . .      SeeInvis .   a - +4 battleaxe
rCold   . . .      Faith    .   (shield currently unavailable)
rNeg    . . .      Spirit   .   o - +0 plate armour
rPois   .          Reflect  .   (helmet restricted)
rElec   .          Harm     .   F - +1 cloak
rCorr   .          Rampage  .   (no gloves)
Will    .....                   (no boots)
Stlth   ..........              (no amulet)
HPRegen 0.29/turn               i - +4 ring of protection
MPRegen 0.13/turn               (no ring)

@: on berserk cooldown, slowed, very slow
A: horns 2, retaliatory headbutt
a: Renounce Religion, Berserk, Trog's Hand


You were on level 13 of the Dungeon.
You worshipped Trog.
Trog was most pleased with you.
You visited 2 branches of the dungeon, and saw 14 of its levels.
You also visited: Sewer.

You collected 670 gold pieces.
You spent 176 gold pieces at shops.

Inventory:

Hand Weapons
 a - a +4 battleaxe (weapon)
 b - a +0 hand axe of flaming
 L - a +0 spectral broad axe
Missiles
 c - 119 stones
 e - 18 poisoned darts
 m - 13 curare-tipped darts
 A - a throwing net
 H - a boomerang of dispersal
 I - 15 boomerangs
Armour
 o - a +0 plate armour (worn)
 s - a +2 leather armour of poison resistance
 F - a +1 cloak (worn)
Jewellery
 i - a +4 ring of protection (left hand)
Wands
 g - a wand of quicksilver (5)
 u - a wand of flame (65)
 D - a wand of iceblast (9)
Scrolls
 n - a scroll of enchant armour
 p - 4 scrolls of immolation
 t - 2 scrolls of enchant weapon
 x - 2 scrolls of teleportation
 y - 2 scrolls of silence
 C - 2 scrolls of magic mapping
 G - 3 scrolls of poison
 J - 3 scrolls of butterflies
 K - a scroll of blinking
Potions
 d - a potion of flight
 f - 3 potions of lignification
 h - 5 potions of mutation {unknown}
 j - 2 potions of resistance {unknown}
 k - 7 potions of curing
 l - 3 potions of brilliance {unknown}
 q - 2 potions of ambrosia {unknown}
 r - 3 potions of haste {unknown}
 v - 3 potions of might {unknown}
 w - 3 potions of heal wounds {unknown}
 z - 2 potions of attraction {unknown}
 E - 3 potions of degeneration {unknown}
 M - a potion of berserk rage {unknown}


   Skills:
 + Level 12.5 Fighting
 * Level 16.6 Axes
 + Level 12.3 Armour
 + Level 11.3 Dodging


You had 12 spell levels left.
You didn't know any spells.
Your spell library was empty.

Dungeon Overview and Level Annotations

Branches:
Dungeon (13/15)            Temple (1/1) D:6            Lair (0/5) D:10
    Orc (0/2) D:9           Sewer (visited)
 Vaults: D:13-14

Altars:
Ashenzari
Cheibriados
Dithmenos
Elyvilon
Fedhas
Gozag
Hepliaklqana
Kikubaaqudgha
Makhleb
Nemelex Xobeh
Okawaru
Qazlal
Ru
Sif Muna
Trog
Uskayaw
Vehumet
Wu Jian
Xom
Yredelemnul
Zin
The Shining One

Shops:
D:2 [   D:9 *   D:10 *

Annotations:
D:3 2 runed translucent doors, smilodon's ghost, weakling TrFi
D:6 3 runed translucent doors, DemonSlayer's ghost, novice DsFE


Innate Abilities, Weirdness & Mutations

You have a pair of horns on your head.
You reflexively headbutt those who attack you in melee.


Message History

Your ogre's corpse disappears in a puff of smoke!
The fire elemental hits you. The fire elemental burns you!
The fire elemental barely misses you. The fire elemental hits you.
The fire elemental burns you!
You slice the fire elemental!!
The fire elemental is almost destroyed.
The fire elemental hits you. x2; The fire elemental burns you!
You miss the fire elemental.
The fire elemental is almost destroyed.
The fire elemental hits you. The fire elemental burns you!
* * * LOW HITPOINT WARNING * * *
The fire elemental hits you. The fire elemental burns you!
* * * LOW HITPOINT WARNING * * *
Unknown command.
Okay, then.
Okay, then.
Okay, then.
Okay, then.
As you read the scroll of butterflies, it crumbles to dust.
You hear the tinkle of a tiny bell.
The fire elemental hits you. The fire elemental burns you!
* * * LOW HITPOINT WARNING * * *
The fire elemental hits you. The fire elemental burns you!
* * * LOW HITPOINT WARNING * * *
Unknown command.
You swap places.
Your butterfly is engulfed in blazing flames.
Your butterfly dies!
Your butterfly disappears in a burst of colours!
Your butterfly is engulfed in blazing flames.
Your butterfly dies!
Your butterfly disappears in a burst of colours!
The fire elemental barely misses your butterfly.
The fire elemental hits your butterfly.
Your butterfly dies!
Your butterfly disappears in a burst of colours!
The deep elf pyromancer casts a spell at you.
The bolt of fire hits the fire elemental.
The fire elemental completely resists.
The bolt of fire hits you!!
You die...

#.........# #........ #####.....#
#.##.#... #.....# #.#......
###### #e....###.#...#..
#....#####..b.............
#.##.....b○...##.#.##.###.
########.#...###Eb#+.##.#.##.###.
......##.#...# #.b#..##..........
#####.##.#..####@b#..##.#.#.##.##
...#.....#..............#........
.#....####.#####.b.b.##.#.#.#.##.
.....#...#.# #.b.b.##...#......
..####..##.# #####.##.#..)...#.
..##.......# #....#.#.)....
..###.....## #.##........#.
..###.....# #.##.#.##.#.#.
.....?>...# #.............


You could see a deep elf pyromancer and a fire elemental (summoned, distracted,
ally target).

Vanquished Creatures
  Harold (D:9)
  3 hydras
  2 boulder beetles
  A two-headed ogre (D:11)
  A centaur warrior (D:12)
  Erica (D:9)
  2 deep elf pyromancers
  2 ugly things
  Maurice (D:9)
  2 cyclopes
  4 centaur zombies (D:11)
  An unseen horror (D:11)
  A komodo dragon (D:10)
  2 centaur skeletons (D:11)
  2 hellwings (D:11)
  4 trolls
  3 meliai (D:13)
  A hornet (D:9)
  3 slime creatures (D:12)
  Grinder (D:3)
  Sigmund (D:3)
  2 vampires (D:9)
  A wyvern (D:8)
  5 wraiths
  3 shadows
  25 yaks
  2 steam dragons
  5 vampire mosquitoes (D:12)
  2 acid dragons
  A water moccasin (D:7)
  4 orc warriors
  4 sky beasts
  3 black bears
  8 centaurs
  A kobold brigand (D:7)
  A phantom (D:7)
  Blork the orc (D:4)
  4 bullfrogs
  2 necrophages
  A scorpion (D:5)
  17 wights
  5 howler monkeys
  3 hounds (D:5)
  6 jellies
  4 orc priests
  A gnoll bouda (D:4)
  2 iguanas
  6 orc wizards
  Robin (D:3)
  8 gnolls
  5 river rats
  13 adders
  4 shadow imps (D:11)
  2 white imps
  An ufetubus (D:7)
  5 worms
  4 dart slugs
  31 orcs
  10 ball pythons
  15 endoplasms
  3 giant cockroaches
  13 goblins
  8 hobgoblins
  5 jackals
  7 quokkas
  7 bats (D:1)
  8 frilled lizards
  13 kobolds
  12 rats
333 creatures vanquished.

Vanquished Creatures (collateral kills)
  3 death yaks (D:10)
  A tengu warrior (D:13)
  A slime creature (D:13)
  A centaur (D:13)
  A river rat (D:10)
  A quokka (D:10)
8 creatures vanquished.

Vanquished Creatures (others)
  A wizard (D:9)
  3 fungi (D:6)
  12 withered plants (D:11)
16 creatures vanquished.

Grand Total: 357 creatures vanquished

Notes
Turn   | Place    | Note
-------+----------+-------------------------------------------
     0 | D:1      | Zeld the Minotaur Berserker began the quest for the Orb.
     0 | D:1      | Reached XP level 1. HP: 19/19 MP: 0/0
   270 | D:1      | Reached XP level 2. HP: 23/27 MP: 1/1
   276 | D:1      | Reached skill level 4 in Axes
   873 | D:1      | Reached XP level 3. HP: 26/33 MP: 2/2
   932 | D:1      | Found a faded altar of an unknown god.
  1473 | D:2      | Reached ** piety under Trog
  1861 | D:2      | Reached XP level 4. HP: 33/40 MP: 3/3
  1924 | D:2      | Found Goaf's Armour Shoppe.
  2048 | D:2      | Reached skill level 5 in Axes
  2579 | D:3      | Noticed Robin
  2592 | D:3      | Reached *** piety under Trog
  2593 | D:3      | Reached XP level 5. HP: 37/47 MP: 4/4
  2596 | D:3      | Killed Robin
  2628 | D:3      | Noticed Grinder
  2628 | D:3      | Paralysed by Grinder for 3 turns
  3100 | D:3      | Paralysed by Grinder for 2 turns
  3103 | D:3      | Killed Grinder
  3104 | D:3      | Reached skill level 6 in Axes
  3104 | D:3      | Reached XP level 6. HP: 51/55 MP: 5/5
  3293 | D:3      | Noticed Sigmund
  3577 | D:3      | Killed Sigmund
  3578 | D:3      | Reached skill level 5 in Fighting
  3760 | D:3      | Found a hazy altar of Hepliaklqana.
  3851 | D:3      | Reached XP level 7. HP: 54/61 MP: 6/6
  3898 | D:3      | Found a large runed translucent door.
  3898 | D:3      | Found a large runed translucent door.
  3902 | D:3      | Noticed smilodon's ghost (weakling TrFi)
  3941 | D:3      | You fall into a shaft and drop 3 floors!
  3942 | D:6      | Found a runed translucent gate.
  3948 | D:6      | Found a runed translucent gate.
  3950 | D:6      | Found a runed translucent gate.
  4033 | D:5      | Entered Level 5 of the Dungeon
  4048 | D:5      | Reached skill level 7 in Axes
  4231 | D:5      | Reached skill level 5 in Armour
  4380 | D:5      | Found a glowing drain.
  4384 | Sewer    | Entered a sewer
  4855 | Sewer    | Found a viscous altar of Jiyva.
  5068 | Sewer    | Reached **** piety under Trog
  5155 | D:5      | Reached skill level 5 in Dodging
  5155 | D:5      | Reached XP level 8. HP: 65/70 MP: 7/7
  5215 | D:5      | Reached skill level 8 in Axes
  5567 | D:3      | Found the +1 Delatra's gloves {ID++}
  5673 | D:4      | Noticed Blork the orc
  5682 | D:4      | Killed Blork the orc
  7550 | D:6      | Reached skill level 9 in Axes
  7550 | D:6      | Found an iron altar of Okawaru.
  8279 | D:6      | Found a staircase to the Ecumenical Temple.
  8341 | Temple   | Entered the Ecumenical Temple
  8527 | D:6      | Noticed DemonSlayer's ghost (novice DsFE)
  8750 | D:7      | Reached XP level 9. HP: 46/79 MP: 8/8
  9006 | D:7      | Reached skill level 10 in Axes
  9557 | D:7      | Found a basalt altar of Yredelemnul.
  9869 | D:8      | Noticed Erica
  9898 | D:9      | Reached skill level 11 in Axes
 10364 | D:9      | Killed Erica
 10365 | D:9      | Reached XP level 10. HP: 9/90 MP: 9/9
 11207 | D:8      | Reached skill level 12 in Axes
 12098 | D:10     | Entered Level 10 of the Dungeon
 12615 | D:9      | Noticed a five-headed hydra
 12617 | D:9      | Noticed Maurice
 12675 | D:9      | Killed a two-headed hydra
 12805 | D:9      | Found a bloodstained altar of Trog.
 12806 | D:9      | Noticed a wizard
 12806 | D:9      | Noticed Harold
 12840 | D:9      | Killed Harold
 12841 | D:9      | Reached skill level 13 in Axes
 13422 | D:9      | Killed Maurice
 13510 | D:9      | Reached XP level 11. HP: 92/99 MP: 10/10
 13649 | D:9      | Found a staircase to the Orcish Mines.
 13658 | D:9      | Found Tevutwam's Elemental Accessories.
 13666 | D:9      | Bought a wand of flame (8) for 61 gold pieces
 13852 | D:9      | Killed a wizard
 13904 | D:10     | Noticed a death yak
 13904 | D:10     | Noticed a death yak
 13904 | D:10     | Noticed a death yak
 13910 | D:10     | Killed a death yak
 13911 | D:10     | Reached skill level 10 in Fighting
 13912 | D:10     | Killed a death yak
 13918 | D:10     | Killed a death yak
 14233 | D:10     | Found a staircase to the Lair.
 14315 | D:10     | Reached skill level 10 in Armour
 14488 | D:10     | Found Dubribb's Gadget Gallery.
 14496 | D:10     | Bought a wand of flame (11) for 115 gold pieces
 14546 | D:10     | Reached skill level 14 in Axes
 15597 | D:11     | Noticed a two-headed ogre
 15602 | D:11     | Killed a two-headed ogre
 15603 | D:11     | Reached skill level 10 in Dodging
 16137 | D:11     | Reached XP level 12. HP: 103/110 MP: 11/11
 16288 | D:11     | Reached skill level 15 in Axes
 16446 | D:11     | Reached ***** piety under Trog
 16932 | D:12     | Noticed a five-headed hydra
 16942 | D:12     | Killed a two-headed hydra
 18339 | D:12     | Noticed a six-headed hydra
 18347 | D:12     | Killed a three-headed hydra
 18519 | D:12     | Reached skill level 16 in Axes
 18873 | D:13     | Noticed a boulder beetle
 18873 | D:13     | Noticed a centaur warrior
 20530 | D:12     | Killed a centaur warrior
 20785 | D:12     | Killed a boulder beetle
 21266 | D:13     | Noticed a tengu warrior
 21271 | D:13     | Noticed a boulder beetle
 21276 | D:13     | Killed a tengu warrior
 21292 | D:13     | Killed a boulder beetle
 21885 | D:13     | Reached XP level 13. HP: 45/119 MP: 12/12
 21899 | D:13     | Killed from afar by a deep elf pyromancer

Illustrated notes

Levels and vault maps discovered:
D:1:      erik_arrival_triangle_medium, layout_basic,
          ebering_ecumenical_altar_box, minmay_misc_feat_plants,
          hangedman_decor_opposing
D:2:      layout_basic, serial_shops, nicolae_shop_crystal, hex_large
D:3:      layout_rooms, nicolae_overflow_crystal_walls,
          ebering_ghost_disaster_area, serial_park_tiny_1,
          minmay_close_crescents, uniq_sigmund, uniq_grinder, uniq_robin
D:4:      layout_layer_cave, uniq_blork_the_orc
D:5:      layout_basic, lightli_sewer_entry_pipes
D:6:      layout_rooms, mainiacjoe_overflow_chevrons, minmay_temple_entry_fiery,
          ebering_ghost_rock_garden
D:7:      layout_basic, mainiacjoe_overflow_cross_hatched
D:8:      layout_cave_pods, uniq_erica
D:9:      layout_basic, trog_wizard, orc_0_dummy, nicolae_elemental_shop,
          minivault_1, minmay_misc_feat_encased, uniq_harold, uniq_maurice
D:10:     layout_rooms, dpeg_lair_monsters, grunt_ministairs_12,
          nicolae_shop_gadgets
D:11:     cheibrodos_grave_circle, layout_loops_ring
D:12:     layout_basic, chequers_serial_rivers_small_a
D:13:     layout_basic, serial_shops, shop, minmay_diced_spiral, uniq_jorgrun
Temple:   mainiacjoe_temple_coin_purse

Skill      XL: |  1  2  3  4  5  6  7  8  9 10 11 12 |
---------------+-------------------------------------+-----
Axes           | 4 5 6 7 9 11 13 14 16 | 16.6
Fighting       | 4 5 6 7 8 9 11 12 | 12.5
Armour         | 3 4 5 6 8 9 11 12 | 12.3
Dodging        | 3 4 5 6 7 8 10 11 | 11.3

Action                   |  1- 3 |  4- 6 |  7- 9 | 10-12 | 13-15 || total
-------------------------+-------+-------+-------+-------+-------++-------
Melee: Hand axe          |    98 |    59 |       |    21 |       ||   178
       Headbutt          |    15 |    13 |    50 |    84 |       ||   162
       Punch             |       |     1 |     3 |       |       ||     4
       War axe           |       |    21 |   264 |       |       ||   285
       Battleaxe         |       |       |    17 |   370 |     2 ||   389
Invok: Berserk           |     1 |     3 |     5 |     9 |       ||    18
       Trog's Hand       |       |       |       |     2 |       ||     2
       Brothers in Arms  |       |       |       |     3 |       ||     3
  Use: Scroll            |       |       |       |    20 |     1 ||    21
Armor: Animal skin       |    16 |       |       |       |       ||    16
       Leather armour    |    31 |    37 |   124 |    70 |       ||   262
       Plate armour      |       |       |       |   178 |     9 ||   187
Dodge: Dodged            |    72 |    60 |   214 |   275 |     1 ||   622
